 Dungeon Crawl Stone Soup version 0.27.1-3-gb3d3a73c9e (webtiles) character file.

Game seed: 4093553133783701823

3531 Crownlay the Cleaver (level 10, -4/77 HPs)
             Began as a Hill Orc Fighter on Oct 21, 2021.
             Was an Elder of Okawaru.
             Slain by a gargoyle (17 damage)
             ... on level 10 of the Dungeon.
             The game lasted 00:15:52 (10182 turns).

Crownlay the Cleaver (Hill Orc Fighter)            Turns: 10182, Time: 00:15:53

Health: -4/77      AC: 10    Str: 23    XL:     10   Next: 8%
Magic:  18/18      EV: 10    Int:  8    God:    Okawaru [****..]
Gold:   1931       SH:  0    Dex: 10    Spells: 9/9 levels left

rFire    . . .     SeeInvis +   N - +14 obsidian axe {vorpal, Drain Fly SInv}
rCold    . . .     Faith    +   (no shield)
rNeg     . . .     Spirit   .   q - +0 swamp dragon scales
rPois    +         Reflect  .   (no helmet)
rElec    .         Harm     .   (no cloak)
rCorr    +         Rampage  .   A - +0 pair of gloves
Will     .....                  k - +0 pair of boots
Stlth    ..........             p - amulet of faith
HPRegen  0.22/turn              F - ring of resist corrosion
MPRegen  0.16/turn              (no ring)

@: flying, mesmerised
A: no striking features
a: Renounce Religion, Heroism


You were on level 10 of the Dungeon.
You worshipped Okawaru.
Okawaru was greatly pleased with you.
You visited 1 branch of the dungeon, and saw 8 of its levels.
You also visited: Ossuary.

You collected 2310 gold pieces.
You spent 379 gold pieces at shops.

Inventory:

Hand Weapons
 a - a +2 war axe of venom
 v - a +2 whip of flaming
 N - the +14 obsidian axe (weapon) {vorpal, Drain Fly SInv}
   (You acquired it on level 10 of the Dungeon)

   It inflicts extra damage upon your enemies.
   It occasionally summons demons to assist the wielder when it strikes in
   combat.
   Its wielder is mesmerised by any visible foes.
   It cannot be unequipped while any foes are visible.
   SInv:      It lets you see invisible.
   Fly:       It grants you flight.
   Drain:     It drains your maximum health when unequipped.
Missiles
 n - a throwing net (quivered)
 o - 24 poisoned darts
Armour
 c - a +0 kite shield
 k - a +0 pair of boots (worn)
 q - +0 swamp dragon scales (worn)
 A - a +0 pair of gloves (worn)
Jewellery
 e - a ring of poison resistance
 p - an amulet of faith (around neck)
 E - an amulet of guardian spirit
 F - a ring of resist corrosion (left hand)
Wands
 t - a wand of flame (16)
 u - a wand of iceblast (7)
Scrolls
 d - 4 scrolls of teleportation
 h - 2 scrolls of silence
 j - 2 scrolls of vulnerability {unknown}
 l - a scroll of blinking {unknown}
 r - a scroll of immolation {unknown}
 y - 4 scrolls of noise
 z - a scroll of amnesia {unknown}
 B - 2 scrolls of fear {unknown}
 C - a scroll of magic mapping {unknown}
 I - a scroll of holy word {unknown}
 J - 2 scrolls of enchant armour {unknown}
 M - a scroll of summoning {unknown}
Potions
 b - 2 potions of curing
 f - 2 potions of brilliance
 g - 3 potions of attraction
 i - 5 potions of flight
 m - 2 potions of resistance {unknown}
 s - a potion of might
 w - 2 potions of degeneration {unknown}
 x - a potion of mutation
 D - a potion of invisibility {unknown}
 G - 2 potions of haste
 H - a potion of heal wounds {unknown}
 K - a potion of ambrosia {unknown}
 L - a potion of lignification {unknown}


   Skills:
 - Level 3.6 Fighting
 * Level 14.1 Axes
 - Level 3.2 Armour
 - Level 3.2 Shields
 + Level 10.9 Invocations


You had 9 spell levels left.
You didn't know any spells.
Your spell library contained the following spells:

 Spells                   Type           Power      Damage    Failure   Level
 Apportation              Tloc           0%         N/A       56%         1
 Beastly Appendage        Tmut           0%         N/A       56%         1
 Sting                    Tmut/Pois      0%         1d3       56%         1
 Poisonous Vapours        Pois/Air       0%         N/A       71%         2
 Sublimation of Blood     Necr           0%         N/A       71%         2
 Wereblood                Tmut           0%         N/A       71%         2
 Spider Form              Tmut/Pois      0%         N/A       90%         3
 Olgreb's Toxic Radiance  Pois           0%         N/A       100%        4
 Petrify                  Tmut/Erth      0%         N/A       100%        4
 Alistair's Intoxication  Tmut/Pois      0%         N/A       100%        5
 Irradiate                Conj/Tmut      0%         3d14      100%        5
 Invisibility             Hex            0%         N/A       100%        6


Dungeon Overview and Level Annotations

Branches:
Dungeon (7/15)             Temple (0/1) D:6         Ossuary (visited)

Altars:
Cheibriados
Kikubaaqudgha
Nemelex Xobeh
Okawaru

Shops:
D:5 =[!*


Message History

Found 15 gold pieces.
You now have 1931 gold pieces (gained 15).
A gargoyle and a shadow come into view.
The gargoyle hurls a stone arrow at you.
The stone arrow misses you.
The gargoyle hurls a stone arrow at you.
The stone arrow misses you.
The shadow slips into darkness.
The shadow flickers and vanishes!
Deactivating autopickup; reactivate with Ctrl-A.
The gargoyle hurls a stone arrow at you.
The stone arrow hits you!
The shadow strikes at you from the darkness!
Reactivating autopickup.
Really wield
N - the +14 obsidian axe {vorpal, Drain Fly SInv}? [Y]es or [N]o only, please.
Really wield
N - the +14 obsidian axe {vorpal, Drain Fly SInv}?
Your +2 war axe of venom stops dripping with poison.
You fly up into the air.
N - the +14 obsidian axe (weapon)
{vorpal, Drain Fly SInv} Visions of slaying the shadow flood into your mind.
You hit the shadow.
The shadow is lightly damaged.
The shadow hits you.
You slash the shadow!
The shadow is severely damaged.
The shadow closely misses you.
You hit the shadow.
You are no longer entranced.
You destroy the shadow!
Okawaru accepts your kill.
Visions of slaying the gargoyle flood into your mind.
You hit the gargoyle but do no damage.
The gargoyle hits you with a +0 dire flail!
You barely miss the gargoyle.
The gargoyle hits you with a +0 dire flail!!
* * * LOW HITPOINT WARNING * * *
You feel better.
The gargoyle hits you with a +0 dire flail!
You die...

#################
.........@9.....#
..###...#####...#
#...# #...# #...#
#...# #...# #9..#
#...# #...# #...#
#...# #...# #...#
#..(# #...#


You could see a gargoyle (mesmerising).

Vanquished Creatures
  Pikel (D:5)
  Prince Ribbit (D:4)
  A shadow (D:10)
  A wraith (D:5)
  Eustachio (D:5)
  A steam dragon (D:4)
  2 water moccasins
  A black bear (D:5)
  A sky beast (D:5)
  A necrophage (D:4)
  An ogre (D:6)
  A centaur (D:6)
  4 lemures (D:4)
  2 bullfrogs
  2 scorpions
  2 water moccasin skeletons
  5 centaur zombies (Ossuary)
  A bullfrog skeleton (D:6)
  2 hounds (D:4)
  A centaur skeleton (D:4)
  A gnoll shaman (D:6)
  An orc priest (D:5)
  5 bullfrog zombies (Ossuary)
  4 jellies
  3 iguanas
  16 mummies (Ossuary)
  2 killer bee zombies (Ossuary)
  A hound zombie (D:5)
  A hound skeleton (D:4)
  11 gnolls
  8 adders
  A shadow imp (D:6)
  An adder skeleton (D:5)
  4 worms
  A dart slug (D:1)
  3 orcs
  9 ball pythons
  8 endoplasms
  3 giant cockroaches
  10 goblins
  8 hobgoblins
  5 quokkas
  8 bats
  6 frilled lizards
  9 kobolds
  2 rats
163 creatures vanquished.

Vanquished Creatures (others)
  5 withered plants (Ossuary)
5 creatures vanquished.

Grand Total: 168 creatures vanquished

Notes
Turn   | Place    | Note
-------+----------+-------------------------------------------
     0 | D:1      | Crownlay the Hill Orc Fighter began the quest for the Orb.
     0 | D:1      | Reached XP level 1. HP: 19/19 MP: 1/1
    74 | D:1      | Reached skill level 3 in Axes
   219 | D:1      | Found a faded altar of an unknown god.
   226 | D:1      | Reached XP level 2. HP: 16/26 MP: 2/2
   370 | D:1      | Became a worshipper of Warmaster Okawaru
   370 | D:1      | Reached * piety under Okawaru
   495 | D:1      | Reached skill level 4 in Axes
   756 | D:1      | Reached XP level 3. HP: 25/31 MP: 3/3
   759 | D:1      | Reached skill level 1 in Invocations
  1666 | D:2      | Reached skill level 5 in Axes
  1702 | D:2      | Reached XP level 4. HP: 29/39 MP: 5/5
  1891 | D:2      | Found a sparkling altar of Nemelex Xobeh.
  2250 | D:1      | Reached skill level 6 in Axes
  2250 | D:1      | Reached XP level 5. HP: 11/45 MP: 5/7
  4167 | D:3      | Found an ancient bone altar of Kikubaaqudgha.
  4174 | D:3      | Found a snail-covered altar of Cheibriados.
  4425 | D:4      | Reached skill level 7 in Axes
  4425 | D:4      | Reached XP level 6. HP: 40/51 MP: 8/8
  4574 | D:4      | Reached ** piety under Okawaru
  4644 | D:4      | Noticed a necrophage
  5260 | D:4      | Reached skill level 8 in Axes
  5802 | D:4      | Noticed a steam dragon
  5816 | D:4      | HP: 2/51 [steam dragon (2)]
  5819 | D:4      | Killed a steam dragon
  5820 | D:4      | Reached skill level 5 in Invocations
  5820 | D:4      | Reached XP level 7. HP: 2/57 MP: 8/10
  6345 | D:4      | Reached skill level 9 in Axes
  6395 | D:5      | Entered Level 5 of the Dungeon
  6395 | D:5      | Noticed Prince Ribbit
  6411 | D:4      | Killed Prince Ribbit
  6614 | D:5      | Noticed Pikel
  6623 | D:4      | Reached XP level 8. HP: 59/64 MP: 9/12
  6947 | D:5      | Killed Pikel
  6947 | D:5      | Reached *** piety under Okawaru
  6948 | D:5      | Reached skill level 11 in Axes
  7477 | D:5      | Noticed a wraith
  7498 | D:5      | Killed a wraith
  7499 | D:5      | Reached skill level 12 in Axes
  7499 | D:5      | Reached XP level 9. HP: 44/70 MP: 13/15
  7667 | D:5      | Noticed Eustachio
  7688 | D:5      | Killed Eustachio
  8000 | D:5      | Found Cioridghe's Distillery.
  8000 | D:5      | Found Gitoluum's Assorted Antiques.
  8003 | D:5      | Found Suchenk's Jewellery Boutique.
  8009 | D:5      | Found Gymioclu's Armour Boutique.
  8424 | D:6      | Found a staircase to the Ecumenical Temple.
  8633 | D:6      | Found a sand-covered staircase.
  8637 | Ossuary  | Entered an ossuary
  8652 | Ossuary  | Reached skill level 13 in Axes
  8728 | Ossuary  | Reached **** piety under Okawaru
  9463 | D:6      | Identified 2 scrolls of acquirement
  9464 | D:6      | Acquired 1362 gold pieces
  9465 | D:6      | Acquired 637 gold pieces
  9523 | D:6      | Reached skill level 14 in Axes
  9530 | D:6      | Found a sparkling altar of Nemelex Xobeh.
  9744 | D:6      | Reached skill level 10 in Invocations
  9806 | D:6      | Reached XP level 10. HP: 60/77 MP: 17/17
 10020 | D:5      | Bought a potion of attraction for 33 gold pieces
 10020 | D:5      | Bought a potion of mutation for 88 gold pieces
 10020 | D:5      | Bought a potion of haste for 110 gold pieces
 10020 | D:5      | Bought a potion of flight for 33 gold pieces
 10020 | D:5      | Bought a potion of brilliance for 44 gold pieces
 10020 | D:5      | Bought a potion of curing for 33 gold pieces
 10032 | D:5      | Bought a scroll labelled UJANAW RAY for 19 gold pieces
 10032 | D:5      | Bought a scroll labelled UTRASHR GUVOYNY for 19 gold pieces
 10091 | D:7      | Identified the +0 leather armour "Qeje" {Drain rPois Dex+5
                  | SInv}
 10128 | D:7      | You fall into a shaft and drop 3 floors!
 10128 | D:10     | Entered Level 10 of the Dungeon
 10143 | D:10     | Acquired the +14 obsidian axe {vorpal, Drain Fly SInv}
 10143 | D:10     | Found the +14 obsidian axe {vorpal, Drain Fly SInv}
 10159 | D:10     | Noticed a gargoyle
 10182 | D:10     | Slain by a gargoyle

Illustrated notes

Levels and vault maps discovered:
D:1:      nzn_arrival_settlement, layout_basic, serial_glass, glass_columns_b,
          glass_columns_a, ebering_ecumenical_altar_rust
D:2:      layout_basic, basic_altar
D:3:      layout_basic, mainiacjoe_overflow_catwalk_spiral,
          kennysheep_generic_room_9
D:4:      layout_basic, grunt_decor_one_mirror, chequers_serial_rivers_room_b
D:5:      layout_cave_pools, st_stairs_7, corexii_leaking_fountain,
          minmay_shop_grid_forest, chequers_hall_statues_y, uniq_eustachio,
          uniq_pikel, uniq_prince_ribbit1
D:6:      layout_gridville, lemuel_round_altar, temple_statues, enter_ossuary_5,
          st_stairs_7
D:7:      layout_rooms, grunt_temple_overflow_order_and_chaos_1,
          mainiacjoe_overflow_catwalk, dk_noncrumbling_4, uniq_maggie
D:10:     cheibrodos_frozen_isle, layout_long_grid, hangedman_ru_absence,
          uniq_fannar

Skill      XL: |  1  2  3  4  5  6  7  8  9 |
---------------+----------------------------+-----
Axes           | 3 4 5 6 7 8 9 12 14 | 14.1
Invocations    | 2 3 5 6 8 10 | 10.9
Fighting       | |  3.6
Armour         | |  3.2
Shields        | |  3.2

Action                   |  1- 3 |  4- 6 |  7- 9 | 10-12 || total
-------------------------+-------+-------+-------+-------++-------
Melee: War axe           |    94 |   210 |   336 |     7 ||   647
       Broad axe         |       |       |       |     5 ||     5
Invok: Heroism           |       |     3 |     5 |       ||     8
  Use: Potion            |       |     1 |       |     1 ||     2
       Scroll            |       |       |    11 |     1 ||    12
Armor: Scale mail        |    51 |    97 |       |       ||   148
       Swamp dragon scal |       |    23 |   135 |     3 ||   161
Dodge: Dodged            |    56 |   108 |   157 |     4 ||   325
